 Dungeon Crawl Stone Soup version 0.30-a0-743-gbfdf073431 (webtiles) character file.

Game seed: 6705379186994369974

47 Monkooky the Charlatan (level 3, -1/27 HPs)
             Began as a Demigod Artificer on Feb 5, 2023.
             Succumbed to an adder's poison
             ... on level 2 of the Dungeon.
             The game lasted 00:03:49 (1217 turns).

Monkooky the Charlatan (Demigod Artificer)          Turns: 1217, Time: 00:03:50

Health: -1/27      AC:  3    Str: 13    XL:     3   Next: 29%
Magic:  5/5        EV: 11    Int: 17    God:
Gold:   106        SH:  0    Dex: 14    Spells: 2/2 levels left

rFire   + . .      SeeInvis .    g - staff of air
rCold   . . .      Faith    .    (no shield)
rNeg    . . .      Spirit   .    b - +0 leather armour
rPois   .          Reflect  .    (no helmet)
rElec   +          Harm     .    (no cloak)
rCorr   .          Rampage  .    (no gloves)
Will    .....                    (no boots)
Stlth   +                        (no amulet)
HPRegen 0.24/turn                f - ring of wizardry
MPRegen 0.09/turn                h - ring of protection from fire

@: brilliant, lethally poisoned (-1 -> -8), attractive, invisible
A: high MP 1, forlorn, divine attributes
a: no special abilities


You were on level 2 of the Dungeon.
You visited 1 branch of the dungeon, and saw 2 of its levels.

You collected 106 gold pieces.

Inventory:

Hand Weapons
 a - a +0 club
Armour
 b - a +0 leather armour (worn)
Magical Staves
 g - a staff of air (weapon)
Jewellery
 f - a ring of wizardry (left hand)
 h - a ring of protection from fire (right hand)
Wands
 c - a wand of flame (11) (quivered)
 d - a wand of charming (14)
 e - a wand of iceblast (4)
Scrolls
 j - a scroll of torment {unknown}
 m - a scroll of identify {unknown}
 n - 2 scrolls of amnesia {unknown}
 p - a scroll of fear {unknown}
 q - a scroll of teleportation {unknown}
 t - a scroll of immolation {unknown}
Potions
 l - a potion of curing {unknown}
 o - a potion of brilliance
 r - a potion of haste {unknown}
 s - a potion of cancellation {unknown}


   Skills:
 - Level 0.8 Fighting
 - Level 1.1 Staves
 - Level 1.7 Armour
 - Level 0.8 Dodging
 - Level 0.8 Stealth
 + Level 1.2 Air Magic
 * Level 3.5 Evocations


You had 2 spell levels left.
You didn't know any spells.
Your spell library was empty.

Dungeon Overview and Level Annotations

Branches:
Dungeon (2/15)


Innate Abilities, Weirdness & Mutations

You have an increased reservoir of magic. (+10% MP)
You shall have no god before yourself.
Your divine heritage dramatically boosts your attributes as you level up.


Message History

You hit the adder but do no damage.
The adder is severely wounded.
You feel sick. The adder closely misses you.
You completely miss the adder.
The adder is severely wounded.
You feel sick. The adder bites you.
You are more poisoned.
The adder poisons you! The adder closely misses you.
You barely miss the adder.
The adder is severely wounded.
You feel very sick. The adder bites you.
You are more poisoned.
The adder poisons you!
You are too injured to fight recklessly!
You are too injured to fight recklessly!
You hit the adder but do no damage.
The adder is electrocuted.
The adder is almost dead.
You feel very sick. The adder bites you.
* * * LOW HITPOINT WARNING * * *
You are lethally poisoned!
The adder poisons you! The adder bites you but does no damage.
Aiming: Iceblast
Press: ? - help, Shift-Dir - straight line The mass of ice explodes!
The iceblast engulfs the adder!
You kill the adder!
* * * LOW HITPOINT WARNING * * *
You feel very sick.
It was a potion of invisibility.
You fade into invisibility!
* * * LOW HITPOINT WARNING * * *
You feel very sick.
It was a potion of brilliance.
You feel clever all of a sudden.
* * * LOW HITPOINT WARNING * * *
You feel sick.
It was a potion of attraction.
You feel attractive to monsters.
You die...

####### #..
#.....#### . #..
#.....#.. .#...
#.....#.# ....
#.....#.## #..#
#.....[.#. #..##
#####.#... #†.#
#...+...
####@#########.#.#...
#....).......#.#.#...
#............#.#.####
#....#.......#.#.####
#....#...............
#....#........>......
######.......#.......
#.......#.......
#.......#.......


There were no monsters in sight!

Vanquished Creatures
  2 adders (D:2)
  2 dart slugs (D:1)
  An endoplasm (D:1)
  2 goblins
  3 hobgoblins (D:1)
  2 ball pythons (D:1)
  4 bats (D:1)
  5 frilled lizards (D:1)
  2 kobolds
  5 rats (D:1)
28 creatures vanquished.

Vanquished Creatures (others)
  An endoplasm (D:1)
1 creature vanquished.

Grand Total: 29 creatures vanquished

Notes
Turn   | Place    | Note
-------+----------+-------------------------------------------
     0 | D:1      | Monkooky the Demigod Artificer began the quest for the Orb.
     0 | D:1      | Reached XP level 1. HP: 15/15 MP: 3/3
   197 | D:1      | Reached skill level 1 in Staves
   311 | D:1      | Reached XP level 2. HP: 5/22 MP: 4/4
   404 | D:1      | Reached skill level 3 in Evocations
  1153 | D:2      | Reached skill level 1 in Air Magic
  1153 | D:2      | Reached XP level 3. HP: 27/27 MP: 5/5
  1216 | D:2      | HP: 1/27 [poisoned by an adder]
  1217 | D:2      | Succumbed to an adder's poison

Illustrated notes

Levels and vault maps discovered:
D:1:      dpeg_arrival_more_subterranean_lakeside_camping, layout_basic
D:2:      layout_basic, uniq_jessica, uniq_sigmund

Skill      XL: |  1  2 |
---------------+-------+-----
Staves         | 1 |  1.1
Evocations     | 3 |  3.5
Air Magic      | 1 |  1.2
Fighting       | |  0.8
Armour         | |  1.7
Dodging        | |  0.8
Stealth        | |  0.8

Action                     || total
---------------------------++-------
  Melee: Staff             ||   119
  Evoke: Wand              ||     6
    Use: Potion            ||     3
 Armour: Leather armour    ||    32
  Dodge: Dodged            ||    91

Table legend: (Time is in decaauts)
 A = Elapsed time spent in this place.
 B = Non-inter-level travel time spent in this place.
 C = Inter-level travel time spent in this place.
 D = Time resting spent in this place.
 E = Time spent auto-exploring this place.
 F = Levels seen in this place.
 G = Mean time per level.
                   A        B        C        D        E       F      G
               +--------+--------+--------+--------+--------+-----+--------+
         Total |   1234 |   1218 |     16 |     58 |    881 |   2 |  617.0 |
       Dungeon |   1234 |   1218 |     16 |     58 |    881 |   2 |  617.0 |
               +--------+--------+--------+--------+--------+-----+--------+

Top non-repeatable levels by time:
     D:1: 979 daAuts
     D:2: 255 daAuts
